 Dungeon Crawl Stone Soup version 0.20.0-8-g6b59dc7 (webtiles) character file.

37 Darkell the Ruffian (level 3, -2/31 HPs)
             Began as a Naga Transmuter on May 31, 2017.
             Slain by a gnoll
             ... wielding a +0 spear
              (3 damage)
             ... on level 1 of the Dungeon.
             The game lasted 00:02:28 (1472 turns).

Darkell the Ruffian (Naga Transmuter)               Turns: 1472, Time: 00:02:28

Health: -2/31      AC:  2    Str: 13    XL:     3   Next: 39%
Magic:  6/6        EV: 10    Int: 13    God:
Gold:   78         SH:  0    Dex: 11    Spells: 5/6 levels left

rFire    . . .     SeeInvis +     - Unarmed
rCold    . . .     Gourm    .   (no shield)
rNeg     . . .     Faith    .   b - +0 robe
rPois    +         Spirit   .   (no helmet)
rElec    .         Reflect  .   (no cloak)
rCorr    .         Harm     .   (no gloves)
MR       .....                  (no barding)
Stlth    +.........             (no amulet)
Regen    0.1/turn               (no ring)
MPRegen  0.1/turn               (no ring)

@: short of breath, very slow
A: see invisible, deformed body, poison resistance, slowness 2, slow metabolism
1, spit poison 1, AC +1
a: Spit Poison


You were on level 1 of the Dungeon.
You were not hungry.

You visited 1 branch of the dungeon, and saw 1 of its levels.

You collected 78 gold pieces.

Inventory:

Missiles
 a - 12 arrows
Armour
 b - a +0 robe (worn)
Scrolls
 e - 3 scrolls of identify {unknown}
 g - a scroll of immolation {unknown}
 j - 2 scrolls of enchant armour {unknown}
 k - a scroll of fear {unknown}
 m - a scroll of random uselessness {unknown}
Potions
 h - 3 potions of ambrosia {unknown}
 i - a potion of curing {unknown}
Books
 c - a book of Changes

   Spells                             Type                      Level
   a - Beastly Appendage              Transmutation                1
   b - Sticks to Snakes               Transmutation                2
   c - Spider Form                    Transmutation/Poison         3
   d - Ice Form                       Ice/Transmutation            4
   e - Blade Hands                    Transmutation                5
Comestibles
 d - 3 bread rations
 f - 2 royal jellies
 l - a meat ration


   Skills:
 + Level 1.0 Fighting
 + Level 1.8 Dodging
 + Level 0.4 Stealth
 + Level 3.9 Unarmed Combat
 + Level 2.0 Spellcasting
 * Level 2.4 Transmutations


You had 5 spell levels left.
You knew the following spells:

 Your Spells              Type           Power        Failure   Level  Hunger
a - Beastly Appendage     Tmut           #.....       10%         1    ##.....


Dungeon Overview and Level Annotations

Branches:
Dungeon (1/15)

Altars:


Innate Abilities, Weirdness & Mutations

You cannot wear boots.
Your serpentine skin is tough. (AC +1)
You have supernaturally acute eyesight. (SInv)
Armour fits poorly on your strangely shaped body.
Your system is resistant to poisons. (rPois)
You cover ground very slowly.
You have a slow metabolism.
You can spit poison.


Message History

The gnoll shouts!
The gnoll hits you but does no damage. The gnoll closely misses you.
The gnoll hits you with a spear!
Press: ? - help, Shift-Dir - straight line, f - gnoll
Aim: a gnoll, wielding a spear The splash of poison hits the gnoll.
The gnoll is severely wounded.
You feel slightly more hungry. The gnoll hits you with a spear.
You barely miss the gnoll.
The gnoll is severely wounded.
The gnoll hits you with a spear!
* * * LOW HITPOINT WARNING * * *
You closely miss the gnoll.
The gnoll is severely wounded.
The gnoll hits you with a spear!
* * * LOW HITPOINT WARNING * * *
You closely miss the gnoll.
The gnoll is severely wounded.
The gnoll hits you with a spear.
You die...

.###############
......Kg@.......#
#..##########.### #..#
#........# #..# #.####...# #
#..# #.####...# .
#..#####........###
#.#..#......###.....####
#.#..#.####.##.........###
###.#..#...................##


You could see a gnoll and a kobold.

Vanquished Creatures
  3 dart slugs (D:1)
  A leopard gecko (D:1)
  A ball python (D:1)
  3 bats (D:1)
  A giant cockroach (D:1)
  5 goblins (D:1)
  A hobgoblin (D:1)
  2 jackals (D:1)
  4 frilled lizards (D:1)
  4 kobolds (D:1)
  2 rats (D:1)
27 creatures vanquished.

Notes
Turn   | Place    | Note
-------+----------+-------------------------------------------
     0 | D:1      | Darkell the Naga Transmuter began the quest for the Orb.
     0 | D:1      | Reached XP level 1. HP: 18/18 MP: 3/3
   517 | D:1      | Reached XP level 2. HP: 22/25 MP: 5/5
  1004 | D:1      | Reached XP level 3. HP: 28/31 MP: 6/6
  1471 | D:1      | HP: 1/31 [gnoll/spear (7)]
  1472 | D:1      | Slain by a gnoll

Action                   || total
-------------------------++-------
Melee: Unarmed           ||    95
 Abil: Spit Poison       ||     4
 Stab: Sleeping          ||     2
  Eat: Chunk             ||     1
Armor: Robe              ||    17
Dodge: Dodged            ||    41
